 Dungeon Crawl Stone Soup version 0.31.0 (webtiles) character file.

Game seed: 5568206468117490659

0 Esekla the Sneak (level 1, 0/16 HPs)
             Began as an Octopode Delver on Jan 19, 2024.
             Succumbed to an adder's poison
             ... on level 5 of the Dungeon.
             The game lasted 00:00:14 (15 turns).

Esekla the Sneak (Octopode Delver)                    Turns: 15, Time: 00:00:15

Health: 0/16       AC:  1    Str: 11    XL:     1   Next: 0%
Magic:  1/1        EV: 13    Int: 12    God:
Gold:   0          SH:  0    Dex: 13    Spells: 0/0 levels left

rFire   . . .        a - +0 falchion
rCold   . . .        (no shield)
rNeg    . . .        (helmet restricted)
rPois   .            (no amulet)
rElec   .            (no ring)
rCorr   .            (no ring)
SInv    .            (no ring)
Will    .....        (no ring)
Stlth   ++++         (no ring)
HPRegen 0.22/turn    (no ring)
MPRegen 0.07/turn    (no ring)
                     (no ring)

%: no passive effects
@: lethally poisoned (0 -> -5)
A: almost no armour, amphibious, 8 rings, camouflage 1, gelatinous body 1,
(nimble swimmer 1), tentacles
a: no special abilities


You were on level 5 of the Dungeon.
You visited 1 branch of the dungeon, and saw 1 of its levels.

Inventory:

Hand Weapons
 a - a +0 falchion (weapon)
Wands
 f - a wand of digging (3)
Scrolls
 b - a scroll of fog
 d - a scroll of fear
Potions
 e - a potion of haste


   Skills:
 * Level 3.0 Fighting
 * Level 2.0 Long Blades
 * Level 2.0 Dodging
 + Level 6.6 Stealth


You couldn't memorise any spells.
You didn't know any spells.
Your spell library was empty.

Dungeon Overview and Level Annotations

Branches:
Dungeon (5/15)
 Temple: D:4-7

Altars:


Innate Abilities, Weirdness & Mutations

You cannot wear most types of armour.
You are amphibious.
You can wear up to eight rings at the same time.
Your skin changes colour to match your surroundings (Stealth+).
Your rubbery body absorbs attacks. (AC +1, EV +1)
((You are camouflaged when in or above water. (Stealth+)))
You have tentacles for arms and can constrict up to eight enemies at once.


Message History

Welcome, Esekla the Octopode Delver.
It's a long way down to the Orb of Zot, but that shouldn't be any trouble.
Press ? for a list of commands and other information.
Found a stone staircase leading down.
As you read the scroll of revelation, it crumbles to dust.
You feel aware of your surroundings.
You sensed 4 altars.
An adder comes into view.
The adder hisses angrily.
You barely miss the adder. Your grab misses the adder. You squeeze the adder.
The adder is moderately wounded.
The adder bites you.
You barely miss the adder. Your grab misses the adder.
You squeeze the adder, but do no damage.
The adder is lightly wounded.
The adder closely misses you. The adder completely misses you.
You barely miss the adder. Your grab misses the adder.
The adder is lightly wounded.
The adder bites you.
You are poisoned.
The adder poisons you! The adder bites you.
You hit the adder. Your grab misses the adder.
The adder is severely wounded.
You feel sick. The adder bites you.
* * * LOW HITPOINT WARNING * * *
You slash the adder!
You kill the adder!
You die...

############### ###############
###############
######################..
#....................#..
#....................#..
#................>...#..
#....................#.. *****
#.....†@.............#.. ,,,,*
#....................#.. ***,*
#....................#.. ,,,,*
*###+##...#######.....#.. **,,*
*,,,,,#...##..###.....#.. ,**,*
*,,,,,#...............+.. ,,*,*
*,,,,,#...............#.. *,*,*
*,,,,,#.....,,,,,.....#,,
,,*,*****,,,,,*****************,^


There were no monsters in sight!

Vanquished Creatures
  An adder (D:5)
1 creature vanquished.

Notes
Turn   | Place    | Note
-------+----------+-------------------------------------------
     0 | D:5      | Esekla the Octopode Delver began the quest for the Orb.
     0 | D:5      | Reached XP level 1. HP: 16/16 MP: 1/1
    15 | D:5      | Succumbed to an adder's poison

Illustrated notes

Levels and vault maps discovered:
D:5:      layout_gridville, elyvilon_altar_1,
          nicolae_hepliaklqana_monster_ancestors, jmf_multi_god_temple2,
          uniq_menkaure

Action                     || total
---------------------------++-------
  Melee: Falchion          ||     5
         Tentacles         ||     2
    Use: Scroll            ||     1
 Armour: Skin              ||     4
  Dodge: Dodged            ||     2
